badnik, neutral male scurrid Ranger ---- ----- ----- ----- ----- ----- ----- ----- ----- ..... ..... ..... ..... ..... ..... ..... ..... .....| .....d ..... .a... e..... e...( ..... .t... ..... .....| |..............a...............................................h....F.... |)... ....R ..... ..... ..... ..... ..... ..... ..... |.... ..... ..Q.. .....o `.... ..... ..... ..... ..... ..........kS.....................d............................%.....?...| .....`@..(... ..Q.. ....oo ..... ..... ..... ..... .....| ......fg..... ..... ..... s.... ..... ..... ..... .....| |............................!g........Q.................................| |.... ....i ..... ..... ..... ..... ..... ..... ..... | |..!. ..... ....= .>`.f ..... ..... ..... a.... ..... |.......................``..`..`..........Q...................e.........( | ..... ..... ....s .....d ...Q. ..... ..... ..... .....| ..... ..... ..... cc..... ..... ..... ..... ..... .....| ..... ..... ..... .`.`. ..... ..l.. ..... ..... .....| ---- ----- ----- ----- ----- ----- ----- ----- ----- badnik the Tenderfoot Experience level: 1 Strength: 16 Dexterity: 10 Constitution: 14 Intelligence: 13 Wisdom: 14 Charisma: 8 Health: 0(14) Energy: 2(2) Def: 3 Gold: 227 Moves: 87 Dungeon seed: PaSnQlq7hMQKD6jQ Game ID: badnik_1498610817 Your Inventory: Coins $ - 227 gold pieces Weapons b - an uncursed +2 dart c - 32 blessed +2 darts d - 17 blessed +0 darts Armor e - an uncursed +2 cloak of displacement (being worn) Comestibles f - 4 uncursed chestnuts Scrolls h - an uncursed scroll of scare monster Potions i - an uncursed potion of enlightenment Wands g - an uncursed wand of slow monster (0:3) Spells and supernatural/magical abilities: Name Level Category Fail Memory W - pray for help -- divine ? -- Your skills at the end: Miscellaneous Skills wands [Basic] Weapon Skills dart [Basic] Spellcasting Skills Final Attributes: You were devoutly aligned. You had automatic searching. You had infravision. You were displaced. You were very stealthy. You are dead. Vanquished creatures: a giant rat Voluntary challenges: You went without food. You did not adorn yourself with jewelry or accessories. You did not cause conflict. You were not invisible. You did not have reflection. You were an atheist. You never hit with a wielded weapon. You were a pacifist. You did not use tools. You did not use plumbed fixtures. You did not drink any magical draughts. You were illiterate. You never genocided any monsters. You never polymorphed an object. You never changed form. You used no wishes. You never split a pudding. You never wrote Elbereth's name. You never violated your personal moral code. Dungeon overview: The Dungeons of Doom: levels 1 to 14 Level 1 a long staircase Level 2 Level 3 a long staircase Level 4 Level 5 Level 6 Level 7 Level 8 a sink Level 9 Level 10 Level 11 Level 12 Level 13 Level 14 <- You were here History has recorded: On T:1 you entered the Dungeons of Doom to retrieve the Amulet of Yendor! On T:5 you reached level 2 of The Dungeons of Doom. On T:9 you reached level 3 of The Dungeons of Doom. On T:14 you reached level 4 of The Dungeons of Doom. On T:27 you reached level 5 of The Dungeons of Doom. On T:34 you reached level 6 of The Dungeons of Doom. On T:37 you reached level 7 of The Dungeons of Doom. On T:42 you reached level 8 of The Dungeons of Doom. On T:46 you reached level 9 of The Dungeons of Doom. On T:57 you reached level 10 of The Dungeons of Doom. On T:61 you reached level 11 of The Dungeons of Doom. On T:67 you reached level 12 of The Dungeons of Doom. On T:72 you reached level 13 of The Dungeons of Doom. On T:84 you reached level 14 of The Dungeons of Doom. Score breakdown: Gold: 227 ( 22 points) Experience: 1 level ( 0 points) Exploration: 14 levels ( 390 points) Discoveries: 3 items ( 150 points) Variety of kills: 1 monster ( 50 points) Major goal: (nothing yet) ( 0 points) Survival: died (score multiplied by 3) Total score: 1836 Latest messages: You dig a pit in the floor. You are still in a pit. You continue digging downward. You dig a hole through the floor. You fall through... The Grey-elf zaps an aluminum wand! The bolt of cold hits the Uruk-hai! (2x) You start digging downward. The Grey-elf zaps a wand of cold! i - a fizzy potion. The Grey-elf zaps a wand of cold! You stop exploring. The bolt of cold misses the Uruk-hai. The giant rat is killed by the bolt of cold! The Uruk-hai shoots 2 poisoned crude arrows! The 1st poisoned crude arrow hits the Grey-elf. The 2nd poisoned crude arrow hits the Grey-elf. The large kobold misses. A large kobold blocks your way. You start digging downward. The gargoyle claws you! You die... Final status: Goodbye badnik the Ranger, killed by a gargoyle... You died in The Dungeons of Doom on dungeon level 14 with 1836 points, and 227 pieces of gold, after 87 moves. You were level 1 with a maximum of 14 hit points when you died.